 Dungeon Crawl Stone Soup version 0.17.0-25-gefc9c12 (webtiles) character file.

548 septik the Firebug (level 7, -2/36 HPs)
             Began as a Deep Elf Fire Elementalist on Nov 19, 2015.
             Killed by nerve-wracking pain
             ... invoked by a shadow imp
             ... summoned by Eustachio
              (8 damage)
             ... on level 4 of the Dungeon.
             The game lasted 00:11:29 (4540 turns).

septik the Firebug (Deep Elf Fire Elementalist)     Turns: 4540, Time: 00:11:29

Health: -2/36      AC:  4    Str:  5    XL:     7   Next: 7%
Magic:  2/17       EV: 13    Int: 22    God:
Gold:   224        SH:  0    Dex: 15    Spells: 4 memorised, 3 levels left

rFire  . . .     SeeInvis .     i - +0 whip
rCold  . . .     Clarity  .     a - +0 robe
rNeg   . . .     SustAt   .     (no shield)
rPois  .         Gourm    .     u - +0 helmet (curse)
rElec  .         Spirit   .     q - +0 cloak
rCorr  .         Warding  .     (no gloves)
rMut   .         Stasis   .     (no boots)
MR     .....                    (no amulet)
Stlth  +++.......               (no ring)
                                o - ring of stealth

@: not resistant to hostile enchantments, fairly stealthy
A: no striking features
a: no special abilities


You were on level 4 of the Dungeon.
You were hungry.

You visited 2 branches of the dungeon, and saw 5 of its levels.

You collected 224 gold pieces.

Inventory:

Hand Weapons
 i - a +0 whip (weapon)
Missiles
 k - 62 stones (quivered)
Armour
 a - a +0 robe (worn)
 q - a +0 cloak (worn)
 u - a cursed +0 helmet (worn)
Jewellery
 o - a ring of stealth (left hand)
Wands
 w - a wand of enslavement (13)
Scrolls
 d - a scroll of amnesia {unknown}
 g - 4 scrolls of identify {unknown}
 h - 3 scrolls of immolation {unknown}
 j - 2 scrolls of teleportation {unknown}
 l - 2 scrolls of random uselessness {unknown}
 r - a scroll of blinking {unknown}
 s - a scroll of remove curse {unknown}
 v - a scroll of fear {unknown}
Potions
 e - 5 potions of curing {unknown}
 f - a potion of degeneration {unknown}
 m - a potion of poison {unknown}
 n - 4 potions of agility {unknown}
 p - 3 potions of might {unknown}
Books
 b - a book of Flames

   Spells                             Type                      Level
   a - Flame Tongue                   Conjuration/Fire             1
   b - Throw Flame                    Conjuration/Fire             2
   c - Conjure Flame                  Conjuration/Fire             3
   d - Inner Flame                    Hexes/Fire                   3
   e - Sticky Flame                   Conjuration/Fire             4
   f - Fireball                       Conjuration/Fire             5
Comestibles
 c - 5 bread rations
 t - a slice of pizza


   Skills:
 - Level 2.4 Dodging
 - Level 2.4 Stealth
 + Level 5.4 Spellcasting
 * Level 5.3 Conjurations
 * Level 5.9 Fire Magic


You had 3 spell levels left.
You knew the following spells:

 Your Spells              Type           Power        Failure   Level  Hunger
a - Flame Tongue          Conj/Fire      ####.        1%          1    None
b - Conjure Flame         Conj/Fire      ####....     2%          3    ##.....
c - Sticky Flame          Conj/Fire      ####....     12%         4    ####...
d - Fireball              Conj/Fire      ####......   28%         5    #####..


Dungeon Overview and Level Annotations

Branches:
Dungeon (4/15)             Temple (1/1) D:4

Altars:
Ashenzari
Cheibriados
Dithmenos
Elyvilon
Fedhas
Gozag
Kikubaaqudgha
Makhleb
Nemelex Xobeh
Qazlal
Ru
Trog
Zin
The Shining One

Annotations:
D:4 Eustachio


Message History

You kill the shadow imp!
The shadow imp hits you.
* * * LOW HITPOINT WARNING * * *
Eustachio gestures wildly while chanting.
Eustachio blinks!
Casting: Flame Tongue
Confirm with . or Enter, or press ? or * to list all spells.
Aiming: Flame Tongue
Press: ? - help, Shift-Dir - straight line, f/p - Eustachio
Aim: Eustachio, wielding a falchion and wearing a glowing leather armour (severely wounded)
The flame tongue hits Eustachio.
Eustachio is severely wounded.
The shadow imp misses you.
Eustachio gestures wildly while chanting.
Eustachio blinks!
The shadow imp gestures at you.
You struggle to resist.
The shadow imp gestures at you. Pain shoots through your body!
You die...

###### .....## ###..)#####
..........########
.##...##..@rbb.5.#
.###.###..######.# ### .# #.#
#..# #.# #### #######.. .# #.#
#..######@# #.. ......... .#
#.###...[...#.# #.# ######.. .#
#........##.#.###.##########..
.###............<................
..##.................###########.
...###.....###...##### #.
..##..?...## ##).# #. .##..##....
(...# #. ##....##(.. ###.## #.


You could see a shadow imp.

Vanquished Creatures
  Edmund (D:4)
  2 ogres (D:4)
  2 orc wizards
  A worker ant (D:4)
  An orc priest (D:4)
  A gnoll (D:3)
  7 adders
  An ooze (D:3)
  3 worms
  A giant gecko (D:2)
  3 orcs
  6 hobgoblins
  8 jackals
  4 kobolds
  A quokka (D:1)
  3 ball pythons
  8 bats
  4 giant cockroaches
  7 giant newts
  2 goblins
  9 rats
75 creatures vanquished.

Notes
Turn   | Place    | Note
--------------------------------------------------------------
     0 | D:1      | septik the Deep Elf Fire Elementalist began the quest for the Orb.
     0 | D:1      | Reached XP level 1. HP: 10/10 MP: 6/6
     2 | D:1      | Noticed an electric eel
   497 | D:1      | Reached XP level 2. HP: 13/15 MP: 2/8
   815 | D:2      | Found a glowing golden altar of the Shining One.
   985 | D:2      | Reached XP level 3. HP: 16/19 MP: 6/10
   993 | D:2      | Learned a level 3 spell: Conjure Flame
  1272 | D:2      | Reached skill level 4 in Spellcasting
  1673 | D:2      | Reached XP level 4. HP: 22/24 MP: 9/12
  3261 | D:3      | Reached XP level 5. HP: 18/28 MP: 7/13
  3309 | D:4      | Noticed Edmund
  3313 | D:4      | Noticed Eustachio
  3321 | D:4      | Killed Edmund
  3321 | D:4      | Reached skill level 5 in Fire Magic
  3321 | D:4      | Reached XP level 6. HP: 27/32 MP: 3/15
  3452 | D:4      | Reached skill level 5 in Spellcasting
  3698 | D:4      | Found a staircase to the Ecumenical Temple.
  3698 | D:4      | Noticed an ogre
  3707 | D:4      | Killed an ogre
  3729 | Temple   | Entered the Ecumenical Temple
  3861 | D:4      | Noticed an ogre
  3876 | D:4      | Killed an ogre
  3876 | D:4      | Reached skill level 5 in Conjurations
  4386 | D:4      | Reached XP level 7. HP: 29/36 MP: 13/17
  4395 | D:4      | Learned a level 4 spell: Sticky Flame
  4401 | D:4      | Learned a level 5 spell: Fireball
  4464 | D:4      | Found a shadowy altar of Dithmenos.
  4540 | D:4      | Killed from afar by a shadow imp

Action                   |  1- 3 |  4- 6 |  7- 9 || total
-------------------------+-------+-------+-------++-------
Melee: Whip              |     7 |     1 |    14 ||    22
Throw: Stone             |       |     4 |     1 ||     5
 Cast: Flame Tongue      |    75 |   101 |    12 ||   188
       Conjure Flame     |     1 |     8 |     2 ||    11
       Fireball          |       |       |     1 ||     1
  Use: Potion            |     1 |       |       ||     1
  Eat: Chunk             |     2 |     4 |     1 ||     7
       Bread ration      |       |     1 |       ||     1
